 Dungeon Crawl Stone Soup version 0.19.1 (webtiles) character file.

672 Rrauwl the Cudgeler (level 7, -7/36 HPs)
             Began as a Gargoyle Skald on Nov 23, 2016.
             Was a Follower of Hepliaklqana.
             Killed by divine providence
             ... invoked by an orc priest
              (12 damage)
             ... on level 5 of the Dungeon.
             The game lasted 00:33:41 (3552 turns).

Rrauwl the Cudgeler (Gargoyle Skald)                Turns: 3552, Time: 00:33:42

Health: -7/36      AC: 20    Str: 15    XL:     7   Next: 58%
Magic:  11/11      EV:  7    Int: 14    God:    Hepliaklqana [*.....]
Gold:   173        SH:  0    Dex: 10    Spells: 1 memorised, 9 levels left

rFire  x . .     SeeInvis .     a - +0 mace
rCold  + . .     Gourm    .     e - +2 chain mail {rPois}
rNeg   + . .     Faith    .     (no shield)
rPois  ∞         Spirit   .     (no helmet)
rElec  +         Reflect  .     j - +1 cloak
rCorr  .         Harm     .     p - +0 pair of gloves
MR     .....                    g - +0 pair of boots
Stlth  ..........               (no amulet)
                                (no ring)
                                n - ring of ice

@: no status effects
A: reduced essence, negative energy resistance 1, electricity resistance,
unbreathing, petrification resistance, rot immunity, AC +4
a: Recall Ancestor, Ancestor Identity, Renounce Religion


You were on level 5 of the Dungeon.
You worshipped Hepliaklqana.
Hepliaklqana was aware of your devotion.
You were not hungry.

You visited 1 branch of the dungeon, and saw 5 of its levels.

You collected 173 gold pieces.

Inventory:

Hand Weapons
 a - a +0 mace (weapon)
 o - a +0 blowgun
 q - a +0 spear of distortion
Missiles
 k - 11 poisoned needles (quivered)
Armour
 b - a +0 leather armour
 e - a +2 chain mail of poison resistance (worn)
 g - a +0 pair of boots (worn)
 j - a +1 cloak (worn)
 p - a +0 pair of gloves (worn)
Jewellery
 n - a ring of ice (left hand)
Scrolls
 h - 2 scrolls of teleportation
 i - 3 scrolls of remove curse
 l - 2 scrolls of magic mapping
 s - a scroll of identify
Potions
 t - 2 potions of might
 u - a potion of magic
Books
 c - a book of Battle

   Spells                             Type                      Level
   a - Infusion                       Charms                       1
   b - Shroud of Golubria             Charms/Translocation         2
   c - Song of Slaying                Charms                       2
   d - Spectral Weapon                Hexes/Charms                 3
   e - Regeneration                   Charms/Necromancy            3
Comestibles
 d - 5 bread rations
 m - a beef jerky
 v - 2 meat rations


   Skills:
 - Level 2.1 Fighting
 + Level 5.4 Maces & Flails
 - Level 4.0 Armour
 - Level 2.0 Dodging
 + Level 3.0 Spellcasting
 + Level 4.0 Charms


You had 9 spell levels left.
You knew the following spells:

 Your Spells              Type           Power        Failure   Level  Hunger
a - Regeneration          Chrm/Necr      #.........   100%        3    ###....


Dungeon Overview and Level Annotations

Branches:
Dungeon (5/15)
 Temple: D:4-7

Altars:
Ashenzari
Hepliaklqana
Nemelex Xobeh
Ru


Innate Abilities, Weirdness & Mutations

You are resistant to torment.
Your stone body is resilient. (AC +4)
You are immune to poison.
You resist negative energy. (rN+)
You are resistant to electric shocks. (rElec)
You can survive without breathing.
You are immune to petrification.
You are immune to rotting.
Your life essence is reduced. (-10% HP)


Message History

Reactivating autopickup.
You feel a bit more experienced.
Things that are here:
a hand axe; a leather armour; an orc corpse The orc priest mumbles some strange prayers to Beogh against you.
Beogh smites you!
* * * LOW HITPOINT WARNING * * *
You see here 7 tomahawks.
You feel better.
The orc priest looks encouraged for a moment.
You swap places.
The orc priest mumbles some strange prayers to Beogh against you.
Beogh smites you!
* * * LOW HITPOINT WARNING * * *
The orc priest hits you but does no damage.
You see here 7 tomahawks.
Your chain mail prevents you from hitting the orc priest.
The orc priest calls down the wrath of Beogh upon you.
Beogh smites you!
You die...

#.....#<..#
#.#...#.#
#)#.#...# .
#.#.#....... ..(
#.#.#....!.. .<$.#
#)#.#.#.....
......#.#.#.#..###
.......o#.#......
....####@R..# ..#
.. #....#.#
#.#.##.# #.#.# # #
#.# #.# #.# #.#


You could see the friendly Bo the ancestor and an orc priest.

Vanquished Creatures
  The ghost of Scientist the Skirmisher, an amateur DsWn (D:3)
  2 howler monkeys (D:4)
  A bullfrog skeleton (D:4)
  Natasha (twice) (D:3)
  2 worker ants (D:4)
  4 adders
  A gnoll (D:4)
  An ooze (D:1)
  2 worms
  A dart slug (D:2)
  2 leopard geckos (D:1)
  4 orcs
  A ball python (D:1)
  8 bats
  2 giant cockroaches (D:1)
  9 goblins
  7 hobgoblins
  7 jackals (D:2)
  5 kobolds
  A quokka (D:4)
  3 frilled lizards
  9 rats
75 creatures vanquished.

Vanquished Creatures (collateral kills)
  A gnoll shaman (D:4)
  Terence (D:2)
  An iguana (D:4)
  An orc wizard (D:5)
  A worker ant (D:4)
  4 gnolls (D:4)
  An adder (D:3)
  2 worms
  2 orcs (D:3)
  A giant cockroach (D:4)
  2 goblins (D:3)
  2 quokkas
  A bat (D:3)
  3 kobolds (D:3)
  A rat (D:3)
24 creatures vanquished.

Vanquished Creatures (others)
  An ancestor (D:3)
1 creature vanquished.

Grand Total: 100 creatures vanquished

Notes
Turn   | Place    | Note
-------+----------+-------------------------------------------
     0 | D:1      | Rrauwl the Gargoyle Skald began the quest for the Orb.
     0 | D:1      | Reached XP level 1. HP: 12/12 MP: 3/3
    45 | D:1      | Reached skill level 1 in Dodging
    78 | D:1      | Reached XP level 2. HP: 14/17 MP: 5/5
   435 | D:1      | Reached XP level 3. HP: 13/21 MP: 6/6
  1053 | D:2      | Learned a level 3 spell: Regeneration
  1121 | D:2      | Reached skill level 3 in Maces & Flails
  1121 | D:2      | Reached XP level 4. HP: 15/26 MP: 7/7
  1185 | D:2      | Found a hazy altar of Hepliaklqana.
  1185 | D:2      | Found a shattered altar of Ashenzari.
  1195 | D:2      | Became a worshipper of Hepliaklqana the Forgotten
  1245 | D:2      | Noticed Terence
  1256 | D:2      | Killed Terence
  1354 | D:2      | Found a sacrificial altar of Ru.
  1683 | D:3      | Noticed Scientist's ghost (amateur DsWn)
  1705 | D:3      | HP: 1/23 [Scientist's ghost (2)]
  1706 | D:3      | Killed Scientist's ghost
  1706 | D:3      | Reached skill level 4 in Maces & Flails
  1706 | D:3      | Reached XP level 5. HP: 1/27 MP: 8/8
  1706 | D:3      | Reached XP level 6. HP: 2/31 MP: 9/9
  2163 | D:3      | Reached * piety under Hepliaklqana
  2455 | D:3      | Noticed Natasha
  2467 | D:3      | Killed Natasha
  2570 | D:3      | Noticed Natasha
  2587 | D:3      | Killed Natasha
  2741 | D:4      | Reached skill level 5 in Maces & Flails
  2807 | D:4      | Reached XP level 7. HP: 36/36 MP: 10/10
  2825 | D:4      | Found a sparkling altar of Nemelex Xobeh.
  3520 | D:5      | Entered Level 5 of the Dungeon
  3545 | D:5      | HP: 1/36 [orc priest/divine providence (8)]
  3552 | D:5      | Killed from afar by an orc priest

Skill      XL: |  1  2  3  4  5  6  7 |
---------------+----------------------+-----
Dodging        | 1 2 |  2.0
Maces & Flails | 3 4 5 |  5.4
Armour         | 3 4 |  4.0
Charms         | 3 4 |  4.0
Spellcasting   | 3 |  3.0
Fighting       | |  2.1

Action                   |  1- 3 |  4- 6 |  7- 9 || total
-------------------------+-------+-------+-------++-------
Melee: Mace              |   152 |   144 |    54 ||   350
       Unarmed           |       |     8 |       ||     8
 Fire: Blowgun           |       |     6 |     7 ||    13
 Cast: Infusion          |     1 |       |       ||     1
Invok: Ancestor Identity |       |     1 |       ||     1
  Use: Potion            |     2 |     7 |     3 ||    12
       Scroll            |     6 |     2 |     2 ||    10
  Eat: Chunk             |     1 |     6 |     2 ||     9
Armor: Leather armour    |    77 |    30 |       ||   107
       Chain mail        |       |    38 |    35 ||    73
       Skin              |       |     5 |       ||     5
Dodge: Dodged            |   131 |    63 |    21 ||   215
